[Event "32nd NATO Chess Championship"]
[Site "Tartu, Estonia"]
[Date "2022.06.27"]
[Round "1.1"]
[White "Csizmadia, Csaba"]
[Black "Stein, Robert"]
[Result "0-1"]
[TimeControl "90 min + 30 sec increment from move one"]
[BlackTitle "FM"]
[WhiteFideId "763942"]
[BlackFideId "12921084"]
[WhiteElo "1875"]
[BlackElo "2365"]

1. d4 Nf6 2. c4 c5 3. e3 g6 4. Nc3 Bg7 5. Nf3 O-O 6. Be2 cxd4 7. exd4 d5 8. h3 dxc4 9. Bxc4 Nc6 10.
a3 Bf5 11. O-O Ne4 12. Be3 Rc8 13.
Ba2 Nxc3 14. bxc3 Na5 15. Rc1 Qd6 16. Qa4 Qa6 17. Rfd1 b5 18. Qb4 Nc4 19. Bxc4 Rxc4 20. Qb2 Rfc8 21.
Nd2 Ra4 22. Ra1 Qc6 23. Rdc1 Be6 24. f3 Bd5 25. Kf2 a6 26. Nb3 Bxb3 27. Qxb3 Rc4 28. Bd2 e5 29. dxe5 Bxe5 30. Rab1 Qd6 31. Rc2 Bd4+ 32. Kf1 Qh2 33.
cxd4 Rxc2 34. Rb2 Qh1+ 35. Kf2 Qd1 36. Rxc2 Rxc2 0-1

[Event "32nd NATO Chess Championship"]
[Site "Tartu, Estonia"]
[Date "2022.06.27"]
[Round "1.2"]
[White "Pedersen, Finn"]
[Black "Heran-Boily, Samuel"]
[Result "1-0"]
[TimeControl "90 min + 30 sec increment from move one"]
[WhiteTitle "FM"]
[WhiteFideId "1400762"]
[BlackFideId "1554565"]
[WhiteElo "2300"]
[BlackElo "1871"]

1. Nf3 d5 2. d4 Nf6 3. Bg5 Ne4 4. Bf4 c5 5. c3 cxd4 6. cxd4 Qb6 7. Qc1 Nc6 8. e3 f6 9. h3 e5 10.
dxe5 Bb4+ 11. Nc3 Qa5 12. a3 Bxc3+ 13. bxc3 Nxc3 14. Qd2 Ne4 15. Qxa5 Nxa5 16. exf6 gxf6 17. Bb5+ Nc6 18. Nd2 Bd7 19.
Nxe4 dxe4 20. O-O Rg8 21. Bc4 Rg7 22. Bd5 f5 23. Rab1 b6 24. Rfc1 Rc8 25. Kh2 Rg6 26. g4 Rf6 27.
g5 Rg6 28. h4 Ne7 29. h5 Rg7 30. Bb7 Rd8 31. Rc7 Rf7 32. Rd1 Be6 33. Rd6 Rxd6 34. Bxd6 Nd5 35. Bc6+ Kd8 36. Rxf7 Bxf7 37.
Kg3 Ne7 38. Bxe7+ Kxe7 39. Kf4 Ke6 40. Bb7 Bxh5 41. Bc8+ Kd5 42. Kxf5 Bg6 43. Kf6 b5 44. Be6+ Kd6 45. Bf5 a5 46.
Bxg6 hxg6 47. Kxg6 b4 48. axb4 axb4 49. Kf6 b3 50. g6 b2 51. g7 b1=Q 52. g8=Q Qb2 53. Kg5 Qxf2 54. Qd8+ Ke6 55.
Qb6+ Ke7 56. Qb7+ Kd6 57. Qb4+ Kd7 58. Qd4+ Kc7 59. Qe5+ Kd7 60. Qd5+ Kc7 61. Qxe4 Qg3+ 62. Kf6 Qd6+ 63.
Qe6 Qd3 64. Qe5+ Kd8 65. e4 Qf3+ 66. Qf5 Qc3+ 67. e5 Qd4 68. Kf7 Qa7+ 69. Kg6 Qe7 70. Qf6 Ke8 71. Qc6+ Kf8 72. Qf3+ Ke8 73.
Qf6 Kd7 74. Qf7 Kd8 75. e6 Qe8 76. Kf6 Qh8+ 77. Kg5 Qe8 78. Kg6 Qe7 79. Qf6 Ke8 80. Qh8+ Qf8 81. Qxf8+ 1-0

[Event "32nd NATO Chess Championship"]
[Site "Tartu, Estonia"]
[Date "2022.06.27"]
[Round "1.3"]
[White "Graham, Frazer"]
[Black "Pavlidis, Anastasios"]
[Result "0-1"]
[TimeControl "90 min + 30 sec increment from move one"]
[BlackTitle "IM"]
[WhiteFideId "479993"]
[BlackFideId "4208404"]
[WhiteElo "1864"]
[BlackElo "2296"]

1. e4 d6 2. d4 Nf6 3. Nc3 Nbd7 4. Nf3 e5 5. Bc4 Be7 6. O-O O-O 7. Bb3 c6 8. a4 b6 9. Qe2 Qc7 10.
Rd1 a6 11. Bg5 Rb8 12. Nh4 exd4 13. Rxd4 Nc5 14. Rad1 Bg4 15. Nf3 Rbd8 16. Bf4 Nh5 17. Be3 g6 18. R4d2 Nxb3 19. cxb3 b5 20.
b4 Qc8 21. a5 Rde8 22. Bh6 Ng7 23. Qe3 f5 24. Bxg7 Kxg7 25. h3 fxe4 26. hxg4 exf3 27. gxf3 d5 28. Kg2 Bd6 29. Qd3 Rf4 30.
Ne4 dxe4 31. Qxd6 exf3+ 32. Kh2 Qxg4 33. Qd7+ Kh6 34. Qxg4 Rxg4 35. Rd4 Ree4 36. Rxe4 Rxe4 37. Kg3 Rxb4 0-1

[Event "32nd NATO Chess Championship"]
[Site "Tartu, Estonia"]
[Date "2022.06.27"]
[Round "1.4"]
[White "Wang, Eigen"]
[Black "Korge, Kersti"]
[Result "1-0"]
[TimeControl "90 min + 30 sec increment from move one"]
[WhiteFideId "2008777"]
[BlackFideId "4502310"]
[WhiteElo "2293"]
[BlackElo "1864"]

1. d4 Nf6 2. Nf3 g6 3. c4 c5 4. d5 b5 5. Qc2 b4 6. a3 bxa3 7. Rxa3 d6 8. e4 Nxe4 9. Qxe4 Bf5 10.
Qf4 Bxb1 11. Ng5 f6 12. Ne6 Qb6 13. Bd3 Bxd3 14. Rxd3 Qa5+ 15. Bd2 Qa1+ 16. Bc1 Qa5+ 17. Rc3 Na6 18.
O-O Nc7 19. Qe3 Kf7 20. Ra3 Qb6 21. Rb3 Qa5 22. Bd2 Nxd5 23. cxd5 Qa4 24. Nc7 Rd8 25. Qe6+ Kg7 26. Rb7 g5 27.
Bc3 Kg6 28. f4 Qd7 29. fxg5 Kxg5 30. Qxd7 1-0

[Event "32nd NATO Chess Championship"]
[Site "Tartu, Estonia"]
[Date "2022.06.27"]
[Round "1.5"]
[White "Giedraitis, Mingaudas"]
[Black "Papasimakopoulos, Alexandros"]
[Result "0-1"]
[TimeControl "90 min + 30 sec increment from move one"]
[BlackTitle "CM"]
[WhiteFideId "12808806"]
[BlackFideId "4244125"]
[WhiteElo "1846"]
[BlackElo "2259"]

1. d4 Nf6 2. Bf4 e6 3. e3 c5 4. Nf3 Qb6 5. Na3 cxd4 6. exd4 Bxa3 7. bxa3 Qa5+ 8. Bd2 Qxa3 9. Bd3 b6 10. O-O Ba6 11. Ne5 Bxd3 12. Qf3 d5 13. Nxd3 Nc6 14. Qg3 O-O 15. Bh6 Ne8 16. c3 Ne7 17. Bd2 Nf5 18. Qf3 Nf6 19. Rfc1 Ne4 20. Be1 Rfc8 21. Ne5 f6 22. Ng4 h5 23. Ne3 Nxd4 24. Qxh5 Nxc3 25. Bxc3 Rxc3 26. Rxc3 Qxc3 27. Rd1 Nc6 28. g4 Qe5 29. Qg6 d4 30. Nc4 Qe2 31. Rc1 Ne7 32. Qh5 Rc8 33. Kg2 g6 34. Qb5 Qxg4+ 35. Kf1 Qh3+ 36. Kg1 Kf8 37. Re1 Rc5 0-1

[Event "32nd NATO Chess Championship"]
[Site "Tartu, Estonia"]
[Date "2022.06.27"]
[Round "1.7"]
[White "Steffers, Hendrik"]
[Black "Pietruszewski, Marcin"]
[Result "0-1"]
[TimeControl "90 min + 30 sec increment from move one"]
[WhiteFideId "1010743"]
[BlackFideId "1170295"]
[WhiteElo "1838"]
[BlackElo "2195"]

1. d4 Nf6 2. Nf3 e6 3. e3 b6 4. Bd3 Bb7 5. Nbd2 c5 6. b3 Be7 7. Bb2 O-O 8. O-O Nc6 9. a3 Rc8 10.
Re1 d6 11. Rc1 Rc7 12. c4 Qa8 13. Qe2 Rfc8 14. dxc5 bxc5 15. e4 e5 16. Nf1 a5 17. Bc2 a4 18. Ne3 axb3 19. Bxb3 Na5 20.
Bc2 Bxe4 21. Bxe4 Qxe4 22. Bc3 Qa8 23. Rb1 Nc6 24. Qa2 g6 25. Nd2 Nd4 26. a4 Ra7 27. a5 Bd8 28. Ra1 Rc6 29.
f4 Rca6 30. fxe5 Bxa5 31. Rac1 Bxc3 32. Qb1 dxe5 0-1

[Event "32nd NATO Chess Championship"]
[Site "Tartu, Estonia"]
[Date "2022.06.27"]
[Round "1.8"]
[White "Sycz, Dariusz"]
[Black "Adolfssen, Rico"]
[Result "1-0"]
[TimeControl "90 min + 30 sec increment from move one"]
[WhiteFideId "1138650"]
[BlackFideId "1400371"]
[WhiteElo "2189"]
[BlackElo "1837"]

1. d4 b6 2. Nf3 Bb7 3. c4 Nf6 4. Nc3 e6 5. e3 d5 6. Bd3 Nbd7 7. O-O dxc4 8. Bxc4 Ne4 9. Qe2 a6 10.
Nxe4 Bxe4 11. Bxa6 Bxf3 12. gxf3 Bd6 13. e4 g5 14. e5 Bf8 15. Bb5 h5 16. d5 Rg8 17. Rd1 g4 18. f4 Rg7 19.
f5 Ra5 20. dxe6 fxe6 21. Rxd7 Rxd7 22. fxe6 Qa8 23. exd7+ Kd8 24. Bg5+ Be7 25. Bxe7+ Kxe7 26. Rd1 1-0

[Event "32nd NATO Chess Championship"]
[Site "Tartu, Estonia"]
[Date "2022.06.27"]
[Round "1.9"]
[White "Kocur, Marc"]
[Black "Cichy, Kamil"]
[Result "0-1"]
[TimeControl "90 min + 30 sec increment from move one"]
[WhiteFideId "205036"]
[BlackFideId "1177257"]
[WhiteElo "1835"]
[BlackElo "2179"]

1. d4 Nf6 2. Bf4 d6 3. Nc3 Bf5 4. f3 d5 5. g4 Bg6 6. e3 e6 7. Bd3 c5 8. h4 c4 9. h5 Bxh5 10. g5 cxd3 11. gxf6 Bg6 12. fxg7 Bxg7 13. cxd3 Nc6 14.
Qb3 Qb6 15. Nb5 O-O 16. Bc7 Qa6 17. Ne2 Rac8 18. Nf4 Rxc7 19. Nxc7 Qa5+ 20. Qc3 Qxc7 0-1

[Event "32nd NATO Chess Championship"]
[Site "Tartu, Estonia"]
[Date "2022.06.27"]
[Round "1.10"]
[White "Valeinis, Janis"]
[Black "Rosseel, Kimball"]
[Result "1-0"]
[TimeControl "90 min + 30 sec increment from move one"]
[WhiteFideId "11601450"]
[BlackFideId "233331"]
[WhiteElo "2176"]
[BlackElo "1831"]

1. Nf3 d6 2. d4 g6 3. Nc3 Bg7 4. e4 Nc6 5. d5 Nb8 6. Be2 c6 7. O-O Nf6 8. h3 O-O 9. Re1 Nbd7 10.
Bf1 cxd5 11. exd5 Nb6 12. a4 a5 13. Be3 Re8 14. Qd2 Bd7 15. Bd4 Rc8 16. b3 e5 17. dxe6 fxe6 18. Nb5 Bxb5 19.
Bxb5 Nbd7 20. c4 Re7 21. Bxd7 Nxd7 22. Bxg7 Kxg7 23. Qxd6 Rc6 24. Qd4+ Kg8 25. Rad1 Qb6 26. Qh4 Kf8 27.
Re3 e5 28. Ng5 Nf6 29. Rde1 Rc5 30. Rf3 Ke8 31. Ne4 Nxe4 32. Rxe4 Qd6 33. Rfe3 Qd1+ 34. Kh2 Qd6 35. Qg5 Kf7 36.
f4 b6 37. fxe5 Qe6 38. Rf3+ Kg8 39. Qh6 Re8 40. Rf6 Qe7 41. Rxg6+ Kh8 42. Rg5 Qc7 43. Qf6+ 1-0

[Event "32nd NATO Chess Championship"]
[Site "Tartu, Estonia"]
[Date "2022.06.27"]
[Round "1.12"]
[White "Nill, Oliver"]
[Black "Tikerpuu, Mati"]
[Result "0-1"]
[TimeControl "90 min + 30 sec increment from move one"]
[WhiteFideId "4652630"]
[BlackFideId "4505905"]
[WhiteElo "2166"]
[BlackElo "1819"]

1. c4 e6 2. e4 b6 3. Nc3 Bb7 4. Nf3 Bb4 5. Bd3 c5 6. O-O Ne7 7. b3 Bxc3 8. dxc3
Nbc6 9. Re1 O-O 10. h4 Ng6 11. h5 Nge5 12. h6 g6 13. Bf1 f5 14. Nxe5 Nxe5 15.
Bf4 Ng4 16. exf5 Nxf2 17. Qd6 Rxf5 18. Bg3 Ne4 19. Rxe4 Bxe4 20. Re1 Bc6 21.
Bd3 Rf7 22. Qe5 Qf6 23. Qe3 g5 24. b4 cxb4 25. cxb4 Qxh6 26. b5 Bb7 27. Be5
Raf8 28. Bd6 Rc8 29. Be5 Qh4 30. Bg3 Qg4 31. Be2 Qf5 32. Be5 h6 33. Bd3 Qg4 34.
Re2 Rcf8 35. Rd2 Rf3 36. Qe2 Rf1+ 37. Qxf1 Rxf1+ 38. Bxf1 Qe4 39. Rxd7 Qe3+ 40.
Kh1 Bxg2+ 41. Bxg2 Qxe5 42. Rxa7 Qe1+ 43. Kh2 Qh4+ 44. Kg1 Qxc4 0-1

[Event "32nd NATO Chess Championship"]
[Site "Tartu, Estonia"]
[Date "2022.06.27"]
[Round "1.13"]
[White "Ivbulis, Martins"]
[Black "Jauk, Wilhelm"]
[Result "0-1"]
[TimeControl "90 min + 30 sec increment from move one"]
[WhiteFideId "11603496"]
[BlackFideId "24681067"]
[WhiteElo "1815"]
[BlackElo "2156"]

1. d4 d5 2. Nc3 Nf6 3. Bf4 a6 4. e3 e6 5. Nf3 c5 6. dxc5 Bxc5 7. Bd3 Nc6 8. e4 d4 9. Ne2 Nh5 10. Bg5 Qb6 11. e5 h6 12.
Bd2 g5 13. g4 Nf4 14. Nxf4 gxf4 15. Bxf4 Qxb2 16. g5 hxg5 17. Nxg5 Bb4+ 18. Kf1 Be7 19. h4 b5 20. h5 Bb7 21. Nxf7 Kxf7 22. Bg6+ Kf8 23. Bc1 Qc3 24.
Qg4 Bb4 25. Bb2 Qxb2 26. Qxe6 Qxa1+ 27. Ke2 d3+ 0-1

[Event "32nd NATO Chess Championship"]
[Site "Tartu, Estonia"]
[Date "2022.06.27"]
[Round "1.14"]
[White "Graczyk, Damian"]
[Black "Ntalampiras, Spyros"]
[Result "1-0"]
[TimeControl "90 min + 30 sec increment from move one"]
[WhiteFideId "1170716"]
[BlackFideId "4227778"]
[WhiteElo "2151"]
[BlackElo "1815"]

1. d4 Nf6 2. Nf3 g6 3. Bf4 Bg7 4. h3 O-O 5. e3 d5 6. Nbd2 c5 7. c3 b6 8. Bd3 Nbd7 9. O-O Re8 10. Bh2 Bb7 11. a4 a6 12.
Qe2 Ne4 13. Rfd1 f5 14. c4 e6 15. Rac1 Qe7 16. Ne5 Nxe5 17. dxe5 Nxd2 18. Rxd2 d4 19. exd4 Bh6 20. f4 cxd4 21. a5 Rec8 22. axb6 Qc5 23.
Rdc2 Bf8 24. Kh1 Qxb6 25. Bg1 Bc5 26. b3 Bc6 27. Rb1 a5 28. Ra2 Qd8 29. Kh2 Rcb8 30. Qe1 Rb7 31. Bf2 h6 32.
g4 Rg7 33. Qe2 Qb8 34. Bh4 g5 35. Bg3 fxg4 36. Qxg4 Qe8 37. f5 h5 38. Qe2 exf5 39. Bxf5 h4 40. Be1 Qf7 41. Qg4 Kh8 42.
Rxa5 Rxa5 43. Bxa5 Qe8 44. Re1 d3 45. Bc3 Bf2 46. Rf1 Bg3+ 47. Kg1 Bxe5 48. Re1 Bd4+ 49. Qxd4 1-0

[Event "32nd NATO Chess Championship"]
[Site "Tartu, Estonia"]
[Date "2022.06.27"]
[Round "1.15"]
[White "Lambruschini, Alex"]
[Black "Pavlidou, Ekaterini"]
[Result "0-1"]
[TimeControl "90 min + 30 sec increment from move one"]
[BlackTitle "WIM"]
[WhiteFideId "2604868"]
[BlackFideId "4213262"]
[WhiteElo "1807"]
[BlackElo "2146"]

1. d4 Nf6 2. c4 e6 3. Nc3 Bb4 4. Nf3 O-O 5. e3 b6 6. Be2 Ne4 7. Qc2 Bb7 8. O-O Bxc3 9. bxc3 f5 10.
a4 d6 11. a5 a6 12. Ba3 Nd7 13. Rfb1 Rb8 14. Qd3 Qf6 15. Rb3 g5 16. Rab1 g4 17. Nd2 Nxf2 18. Qc2 f4 19. axb6 fxe3 20. bxc7 Nh3+ 21. Kh1 Qf2 22. d5 Qg1+ 23. Rxg1 Nf2# 0-1

[Event "32nd NATO Chess Championship"]
[Site "Tartu, Estonia"]
[Date "2022.06.27"]
[Round "1.16"]
[White "Kedzierski, Slawomir"]
[Black "Allmann, Lauri"]
[Result "1-0"]
[TimeControl "90 min + 30 sec increment from move one"]
[WhiteFideId "1134949"]
[BlackFideId "2604868"]
[WhiteElo "2133"]
[BlackElo "1804"]

1. d4 Nf6 2. Nf3 g6 3. c4 Bg7 4. Nc3 O-O 5. e4 d6 6. Be2 c5 7. d5 Bg4 8. O-O Nbd7 9. Be3 Qa5 10. Qd2 Bxf3 11. Bxf3 Ne5 12.
Be2 Qb4 13. b3 Nfg4 14. Rac1 Nxe3 15. Qxe3 a6 16. Kh1 Qa5 17. f4 Nd7 18. Qh3 Qc7 19. Bd3 Nf6 20. Qf3 Qc8 21. h3 Nh5 22. Ne2 e6 23. f5 exf5 24.
exf5 Be5 25. Qg4 Kg7 26. Rf3 Qd7 27. Rcf1 Rae8 28. fxg6 Qxg4 29. hxg4 Nf6 30. g5 fxg6 31. gxf6+ Bxf6 32.
Ng3 h5 33. Ne4 Be5 34. Ng5 Rxf3 35. Rxf3 Bf6 36. Ne6+ Kf7 37. g3 Rg8 38. Kg2 g5 39. Bh7 Rh8 40. Nxg5+ Kg7 41. Ne6+ Kf7 42.
Bf5 Rg8 43. Kh3 Ke7 44. Nf4 Rg5 45. Bc8 Be5 46. Bxb7 a5 47. Bc8 Rg8 48. Be6 1-0

[Event "32nd NATO Chess Championship"]
[Site "Tartu, Estonia"]
[Date "2022.06.27"]
[Round "1.17"]
[White "Van Den Heuvel, Tonnie"]
[Black "Mouroutis, Konstantinos"]
[Result "0-1"]
[TimeControl "90 min + 30 sec increment from move one"]
[WhiteFideId "1012924"]
[BlackFideId "4204689"]
[WhiteElo "1799"]
[BlackElo "2133"]

1. b3 d5 2. Bb2 Nf6 3. e3 Bf5 4. d4 e6 5. Nf3 Nbd7 6. Be2 Bd6 7. O-O Ne4 8. Nbd2 Qf6 9. c4 c6 10.
cxd5 exd5 11. Nxe4 dxe4 12. Nd2 Qh6 13. g3 Bh3 14. Nxe4 Bxf1 15. Nxd6+ Qxd6 16. Bxf1 O-O 17. Bd3 Qh6 18.
Rc1 Rad8 19. Qf3 Ne5 20. Bxh7+ Qxh7 21. dxe5 Rd2 22. Ba3 Re8 23. Qg4 Qg6 24. Qxg6 fxg6 25. Bd6 Rxa2 26. b4 a5 27. bxa5 Rxa5 28. f4 Ra2 29. h4 Rea8 30. Rb1 Ra1 31. Rxa1 Rxa1+ 32. Kf2 Ra2+ 33. Kf3 b5 34. Kg4 Re2 35.
Kf3 Rc2 36. Ke4 b4 37. Kd3 b3 38. Ba3 c5 0-1

[Event "32nd NATO Chess Championship"]
[Site "Tartu, Estonia"]
[Date "2022.06.27"]
[Round "1.19"]
[White "Muld, Tarmo"]
[Black "Onley, David E"]
[Result "0-1"]
[TimeControl "90 min + 30 sec increment from move one"]
[WhiteFideId "4519469"]
[BlackFideId "419311"]
[WhiteElo "1783"]
[BlackElo "2083"]

1. d4 Nf6 2. c4 g6 3. Nf3 Bg7 4. Nc3 d6 5. g3 O-O 6. Bg2 Nbd7 7. O-O e5 8. Bg5 h6 9. Bxf6 Qxf6 10.
Nd5 Qd8 11. e3 Re8 12. Rb1 a5 13. a4 Nb8 14. dxe5 dxe5 15. Qc2 c6 16. Nc3 Na6 17. Rbd1 Qe7 18. Ne4 Nb4 19. Qb1 Be6 20.
b3 Rad8 21. Rxd8 Rxd8 22. Rd1 Bc8 23. h3 f5 24. Rxd8+ Qxd8 25. Nc3 e4 26. Nd4 Bxd4 27. exd4 Qxd4 28. Ne2 Qe5 29. Nf4 g5 30.
Nh5 Nd3 31. Qd1 Be6 32. Qe2 Bf7 33. g4 Bxh5 34. gxh5 Qa1+ 35. Kh2 Qe1 36. Qxe1 Nxe1 37. Bf1 Nf3+ 38. Kg3 f4+ 39. Kg4 Nh2+ 40.
Kf5 Nxf1 41. Kxe4 Nd2+ 42. Ke5 Nxb3 43. Kd6 Nd2 44. Kc5 Ne4+ 45. Kb6 Nxf2 46. Kxb7 Nd3 47. Kxc6 f3 48. Kb6 f2 49.
c5 f1=Q 50. c6 Qb1+ 51. Kxa5 Ne5 52. c7 Nc4+ 0-1

[Event "32nd NATO Chess Championship"]
[Site "Tartu, Estonia"]
[Date "2022.06.27"]
[Round "1.20"]
[White "Keough, Robert"]
[Black "Ivsek, Cveto"]
[Result "1-0"]
[TimeControl "90 min + 30 sec increment from move one"]
[WhiteFideId "410667"]
[BlackFideId "14608405"]
[WhiteElo "2074"]
[BlackElo "1766"]

1. e4 e6 2. d4 d5 3. Nc3 Bb4 4. e5 Ne7 5. Qg4 Rg8 6. Bd3 Ng6 7. Bg5 Be7 8. Bxe7 Qxe7 9. Nge2 c5 10.
Nb5 c4 11. Nd6+ Kd7 12. Bxg6 hxg6 13. Nc3 b6 14. Nxd5 Qf8 15. Nf4 Nc6 16. c3 Rh8 17. Nxc4 b5 18. Nd6 b4 19. Nd3 1-0

[Event "32nd NATO Chess Championship"]
[Site "Tartu, Estonia"]
[Date "2022.06.27"]
[Round "1.21"]
[White "Moulton, Richard"]
[Black "Nikomanis, Andreas"]
[Result "0-1"]
[TimeControl "90 min + 30 sec increment from move one"]
[WhiteFideId "2622718"]
[BlackFideId "4213831"]
[WhiteElo "1766"]
[BlackElo "2068"]

1. e4 c5 2. Nf3 Nc6 3. Bb5 g6 4. O-O Bg7 5. Re1 Nf6 6. e5 Nd5 7. Nc3 Nxc3 8. bxc3 O-O 9. d4 cxd4 10.
cxd4 d6 11. Bxc6 bxc6 12. Bg5 Be6 13. Qd3 Qc7 14. c3 Rab8 15. Qd2 dxe5 16. Nxe5 f6 17. Nxg6 hxg6 18. Rxe6 fxg5 19. Qxg5 Qf4 20.
Qxf4 Rxf4 21. Rxc6 Rb2 22. f3 Rc2 23. Rxg6 Rxc3 24. Re1 Kf7 25. Ra6 Bxd4+ 26. Kf1 Bb6 27. Re2 Rd4 28. Rb2 Rc1+ 29.
Ke2 Rg1 30. Ke3 Rb4+ 31. Rxb6 Rxb6 0-1

[Event "32nd NATO Chess Championship"]
[Site "Tartu, Estonia"]
[Date "2022.06.27"]
[Round "1.24"]
[White "Flaata, Alexander R."]
[Black "Echavarria Hidalgo, Fernando"]
[Result "1-0"]
[TimeControl "90 min + 30 sec increment from move one"]
[WhiteFideId "1502026"]
[BlackFideId "2617528"]
[WhiteElo "2048"]
[BlackElo "1749"]

1. d4 Nf6 2. Nc3 d5 3. Bf4 c6 4. e3 Bf5 5. f3 h6 6. g4 Bh7 7. Bd3 Bxd3 8. Qxd3 e6 9. Nge2 Bd6 10.
h4 Bxf4 11. Nxf4 Qd6 12. O-O-O Na6 13.
g5 Nd7 14. g6 f6 15. Nh5 Qe7 16. e4 Nb4 17. Qe3 dxe4 18. fxe4 O-O-O 19. a3 Na6 20. d5 Nb6 21. dxc6 Rxd1+ 22. Rxd1 bxc6 23. Qd4 Kc7 24. e5 fxe5 25. Qxe5+ Kb7 26. Ne4 Nc8 27. Qxg7 Qxg7 28. Nxg7 e5 29. Ne6 Rg8 30. g7 Kb6 31.
Nf6 1-0

[Event "32nd NATO Chess Championship"]
[Site "Tartu, Estonia"]
[Date "2022.06.27"]
[Round "1.25"]
[White "Charles, Freddy"]
[Black "Tustanowski, Mateusz"]
[Result "0-1"]
[TimeControl "90 min + 30 sec increment from move one"]
[WhiteFideId "1742"]
[BlackFideId "1169866"]
[WhiteElo "1742"]
[BlackElo "2036"]

1. d4 Nf6 2. Bf4 d5 3. e3 c5 4. c3 Qb6 5. Qb3 c4 6. Qc2 g6 7. Nd2 Bf5 8. e4 Nxe4 9. Nxe4 Bxe4 10.
Qd2 h5 11. h3 Nc6 12. Ne2 h4 13. f3 Bd3 14. Be3 O-O-O 15. Kf2 Qc7 16. Nf4 Bxf1 17. Rhxf1 e5 18. Ne2 exd4 19. Bxd4 Nxd4 20.
Qxd4 Bc5 0-1

[Event "32nd NATO Chess Championship"]
[Site "Tartu, Estonia"]
[Date "2022.06.27"]
[Round "1.26"]
[White "Schott, Guido"]
[Black "Smit, Jan"]
[Result "1/2-1/2"]
[TimeControl "90 min + 30 sec increment from move one"]
[WhiteFideId "4646746"]
[BlackFideId "1052047"]
[WhiteElo "2028"]
[BlackElo "1741"]

1. e4 g6 2. d4 d6 3. Nf3 Bg7 4. Nc3 Nf6 5. h3 O-O 6. Be3 c6 7. Qd2 Qc7 8. Bh6 e5 9. O-O-O b5 10. Bd3 a5 11. Bxg7 Kxg7 12.
dxe5 dxe5 13. Nh4 Qe7 14.
f4 Nh5 15. fxe5 Qxh4 16. g4 Be6 17. gxh5 Qxh5 18. Kb1 Nd7 1/2-1/2

[Event "32nd NATO Chess Championship"]
[Site "Tartu, Estonia"]
[Date "2022.06.27"]
[Round "1.27"]
[White "Voroblievas, Arturas"]
[Black "Jacob, Tobias"]
[Result "0-1"]
[TimeControl "90 min + 30 sec increment from move one"]
[WhiteFideId "12803430"]
[BlackFideId "12903221"]
[WhiteElo "1740"]
[BlackElo "2013"]

1. e4 c5 2. Nf3 d6 3. d4 cxd4 4. Nxd4 Nf6 5. Nc3 a6 6. Bg5 Nbd7 7. Bc4 e6 8. f4 b5 9. Bb3 Qc7 10.
a3 Nc5 11. Bxf6 Nxb3 12. Nxb3 gxf6 13.
Qh5 Bb7 14. O-O-O O-O-O 15. Rd3 Kb8 16. Rhd1 d5 17. g3 Rc8 18. Kb1 b4 19. axb4 Bxb4 20. Qe2 Qb6 21. exd5 Bxc3 22. Rxc3 Rxc3 23. bxc3 Bxd5 24. c4 Bc6 25.
Qd3 Kc8 26. c5 Qb5 27. Qxb5 Bxb5 28. Rd6 h5 29. Nd4 Bc4 30. Kb2 h4 31. Kc3 hxg3 32. hxg3 Bf1 33. Kb4 Rg8 34. c4 a5+ 35.
Kxa5 Bxc4 36. c6 e5 37. Nf5 Kc7 38. Rxf6 e4 39. Kb4 Ba2 40. Kc5 Rd8 41. Nd6 e3 42. Nb5+ Kc8 43. Nc3 Rd2 44.
Nxa2 e2 45. Rxf7 e1=Q 46. Rf8+ Kc7 47. Rf7+ Kc8 48. Nb4 Qe3+ 49. Kb5 Qe2+ 50. Kb6 Qe3+ 51. Kb5 Rd8 52. Rg7 Qb3 53. Rg5 Rd4 0-1

[Event "32nd NATO Chess Championship"]
[Site "Tartu, Estonia"]
[Date "2022.06.27"]
[Round "1.28"]
[White "Hernandez, Albert"]
[Black "Steen, Kris"]
[Result "1-0"]
[TimeControl "90 min + 30 sec increment from move one"]
[WhiteFideId "2075407"]
[BlackFideId "264571"]
[WhiteElo "2012"]
[BlackElo "1735"]

1. d4 Nf6 2. Nf3 d5 3.
g3 e6 4.
Bg2 c6 5. O-O g6 6. c4 Bg7 7. Nc3 O-O 8. Bg5 Nbd7 9. e4 dxe4 10. Nxe4 Qc7 11. Bf4 Qb6 12. Nxf6+ Bxf6 13. Bd6 Re8 14. b4 a5 15. a3 axb4 16.
axb4 Rxa1 17. Qxa1 Bg7 18. Rb1 Qd8 19. c5 Nf6 20. b5 Bd7 21. Qa7 Nd5 22. Ne5 Bxe5 23. dxe5 Qa8 24. Ra1 Qxa7 25. Rxa7 cxb5 26. Rxb7 Bc6 27.
Bxd5 Bxd5 28. Rxb5 h5 29. Rb6 Rc8 30. Kf1 Kg7 31. Ke2 Kh6 32. Ke3 Kh7 33. Kf4 Kh6 34. h4 Kh7 35. Kg5 Kg7 36.
Be7 Bf3 37. Rd6 Rxc5 38. Bf6+ 1-0

[Event "32nd NATO Chess Championship"]
[Site "Tartu, Estonia"]
[Date "2022.06.27"]
[Round "1.29"]
[White "Papler, Peter"]
[Black "Nilsson, Erik"]
[Result "1/2-1/2"]
[TimeControl "90 min + 30 sec increment from move one"]
[WhiteFideId "14609770"]
[BlackFideId "1409000"]
[WhiteElo "1714"]
[BlackElo "2002"]

1. d4 Nf6 2. Bf4 g6 3. Nc3 d5 4. e3 Bg7 5. Nf3 O-O 6. Bd3 Nbd7 7. Nb5 Ne8 8.
Nc3 Ndf6 9. Ne5 Nd6 10. h4 Nde4 11. Qf3 c6 12. Nxe4 dxe4 13. Bxe4 Nxe4 14. Qxe4
Bf5 15. Qf3 Bxc2 16. O-O f6 17. Nc4 Bd3 18. Rfc1 Qd5 19. Qxd5+ cxd5 20. Na5 b6
21. Nc6 Rfe8 1/2-1/2

[Event "32nd NATO Chess Championship"]
[Site "Tartu, Estonia"]
[Date "2022.06.27"]
[Round "1.30"]
[White "Cirkvencic, Franci"]
[Black "Coulon, Dominic"]
[Result "1-0"]
[TimeControl "90 min + 30 sec increment from move one"]
[WhiteFideId "14600528"]
[BlackFideId "2621932"]
[WhiteElo "2000"]
[BlackElo "1701"]

1. Nf3 d6 2. d4 Nf6 3. g3 c6 4. Bg2 g6 5. c4 Bg7 6. Nc3 O-O 7. O-O a5 8. e4 Qc7
9. h3 e5 10. Be3 Na6 11. Qd2 Re8 12. Rfe1 Bd7 13. Rad1 Rad8 14. a3 Be6 15. d5
Bc8 16. Rc1 Nc5 17. Qc2 Ncd7 18. b4 axb4 19. axb4 h6 20. Nd2 g5 21. Nb3 Nf8 22.
f3 Nh5 23. Qf2 Qe7 24. Bb6 Rd7 25. c5 Qf6 26. Red1 Ng6 27. b5 cxd5 28. Nxd5 Qe6
29. c6 bxc6 30. bxc6 Rde7 31. Bf1 Nf6 32. Nxe7+ Nxe7 33. Na5 h5 34. Bc4 Qxh3 35.
Qg2 h4 36. Qxh3 Bxh3 37. gxh4 gxh4 38. Rxd6 Nc8 39. Rd8 Nxb6 40. Rxe8+ Nxe8 41.
Rb1 Nc8 42. Kh2 Be6 43. Bxe6 fxe6 44. Rb8 Ncd6 45. Nb7 1-0

[Event "32nd NATO Chess Championship"]
[Site "Tartu, Estonia"]
[Date "2022.06.27"]
[Round "1.31"]
[White "Stuhr, Finn"]
[Black "Duren, Andrew"]
[Result "0-1"]
[TimeControl "90 min + 30 sec increment from move one"]
[WhiteFideId "1400789"]
[BlackFideId "2019663"]
[WhiteElo "1686"]
[BlackElo "1997"]

1. e4 c5 2. Bc4 g6 3. Nf3 Bg7 4. Qe2 e6 5. d3 Ne7 6. Bb3 Nbc6 7. c3 O-O 8. O-O d5 9. Bf4 b5 10. Rd1 Ba6 11. a3 c4 12.
Bc2 Qb6 13. d4 dxe4 14. Bxe4 Rfd8 15. Be3 Nd5 16. Bc1 Bb7 17. h4 Nf6 18. Bc2 Rac8 19. Nbd2 Qc7 20. Ne4 Nxe4 21. Bxe4 Ne7 22. Bc2 Nf5 23. h5 a5 24.
Ng5 b4 25. axb4 axb4 26. Re1 bxc3 27. bxc3 Bd5 28. Be4 Ne7 29. Qf3 Rf8 30. Qh3 Bxe4 31. Rxe4 gxh5 32. Qxh5 h6 33. Nf3 Ra8 34.
Rxa8 Rxa8 35. Bf4 Ra1+ 36. Kh2 Qb7 37. Re2 Nf5 38. Ne5 Rf1 39. Bd2 Bxe5+ 40. Rxe5 Qb1 41. Qg4+ Kh7 42. g3 Rxf2+ 0-1